 Dungeon Crawl Stone Soup version 0.18.1-50-g88ac8fd (webtiles) character file.

264 ubername the Skirmisher (level 5, -1/70 HPs)
             Began as a Draconian Berserker on Mar 12, 2017.
             Was a Believer of Trog.
             Slain by an orc
             ... wielding a +0 flail
              (4 damage)
             ... on level 3 of the Dungeon.
             The game lasted 00:04:01 (1671 turns).

ubername the Skirmisher (Draconian Berserker)       Turns: 1671, Time: 00:04:01

Health: -1/70      AC: 22    Str: 19    XL:     5   Next: 98%
Magic:  5/5        EV:  2    Int:  7    God:    Trog [**....]
Gold:   83         SH:  0    Dex: 12    Spells: 0 memorised, 4 levels left

rFire  . . .     SeeInvis .     a - +0 falchion
rCold  . . .     Gourm    .     (armour unavailable)
rNeg   + + +     Faith    .     (no shield)
rPois  +         Spirit   .     (helmet currently unavailable)
rElec  .         Dismiss  .     (cloak currently unavailable)
rCorr  .         Reflect  .     (gloves currently unavailable)
SustAt .         Harm     .     (boots currently unavailable)
MR     .....     NoTele   +     (no amulet)
Stlth  ++........               (no ring)
                                (no ring)

@: exhausted, tree-form, slowed, very slow, not resistant to hostile
enchantments, unstealthy
A: unfitting armour, (cold-blooded), AC +5
a: Berserk, Trog's Hand, Burn Spellbooks, Renounce Religion


You were on level 3 of the Dungeon.
You worshipped Trog.
Trog was pleased with you.
You were hungry.
You were a tree.
You visited 1 branch of the dungeon, and saw 3 of its levels.

You collected 83 gold pieces.

Inventory:

Hand Weapons
 a - a +0 falchion (weapon)
Missiles
 h - 57 stones (quivered)
Scrolls
 c - a scroll of remove curse {unknown}
 e - 4 scrolls of identify {unknown}
 i - a scroll of amnesia {unknown}
 k - a scroll of immolation {unknown}
 n - a scroll of recharging {unknown}
Potions
 d - a potion of might {unknown}
 g - a potion of lignification
 j - a potion of curing {unknown}
 m - a potion of heal wounds {unknown}
Comestibles
 b - 2 bread rations
 f - 3 meat rations
 l - 6 chunks of flesh


   Skills:
 + Level 4.5 Fighting
 + Level 4.1 Long Blades
 + Level 4.5 Dodging
 + Level 1.5 Stealth


You had 4 spell levels left.
You didn't know any spells.

Dungeon Overview and Level Annotations

Branches:
Dungeon (3/15)

Altars:
Okawaru


Innate Abilities, Weirdness & Mutations

((Your plain brown scales are hard (AC +5).))
Your body does not fit into most forms of armour.
((You are cold-blooded and may be slowed by cold attacks.))


Message History

The hobgoblin hits you but does no damage.
Something hits you but does no damage. The orc hits you but does no damage.
Something hits you but does no damage.
The orc priest hits you but does no damage.
The hobgoblin hits you but does no damage.
Unknown command.
You feel less confused.
Something hits you but does no damage. x3; The orc priest hits you.
* * * LOW HITPOINT WARNING * * *
The orc hits you but does no damage.
The hobgoblin hits you but does no damage.
You hear some strange, mumbled words.
A puff of flame appears from out of thin air!
The puff of flame hits you! Something hits you but does no damage.
The orc priest casts a cantrip, but nothing happens.
There are monsters nearby!
You slash the orc priest!
The orc priest is heavily wounded.
The hobgoblin barely misses you. The orc hits you with a flail.
You die...

### ..##.# ## ...#
#..#. .##
###.####.... ..##
#.........# ...#
#.........# ####.
...#
#.........#......
...#
#.....{g..#......
...#
#.....♣oo).......
...#
#.....o{)........
...#
####..###.###.......
...# #.....###.#
....... ...#
##.........# ....>..
...# ##......#####
.......
...###.......#
.......
............##
#...###
...#...###### ..o#


You could see an orc priest, 2 orcs and a hobgoblin.

Vanquished Creatures
  The ghost of CountDeLaPain the Chucker, an amateur TrHu (D:3)
  2 orc priests (D:3)
  A giant gecko (D:1)
  4 orcs (D:3)
  6 bats
  5 giant cockroaches
  5 goblins
  7 hobgoblins
  7 jackals
  2 kobolds
  2 quokkas (D:2)
  2 giant newts
  A jackal skeleton (D:3)
  6 rats
51 creatures vanquished.

Notes
Turn   | Place    | Note
--------------------------------------------------------------
     0 | D:1      | ubername the Draconian Berserker began the quest for the Orb.
     0 | D:1      | Reached XP level 1. HP: 19/19 MP: 1/1
   118 | D:1      | Reached XP level 2. HP: 16/26 MP: 2/2
   672 | D:2      | Found an iron altar of Okawaru.
   813 | D:2      | Reached XP level 3. HP: 30/31 MP: 3/3
   882 | D:2      | Reached ** piety under Trog
  1291 | D:3      | Noticed CountDeLaPain's ghost (amateur TrHu)
  1306 | D:3      | Killed CountDeLaPain's ghost
  1306 | D:3      | Reached skill level 1 in Stealth
  1306 | D:3      | Reached XP level 4. HP: 19/41 MP: 4/4
  1306 | D:3      | Reached XP level 5. HP: 22/47 MP: 5/5
  1668 | D:3      | HP: 3/70 [orc/flail (1)]
  1671 | D:3      | Slain by an orc

Skill      XL: |  1  2  3 |
---------------+----------+-----
Dodging        | 3 4 |  4.5
Fighting       | 4 |  4.5
Long Blades    | 4 |  4.1
Stealth        | 1 |  1.5

Action                   |  1- 3 |  4- 6 || total
-------------------------+-------+-------++-------
Melee: Falchion          |   106 |    56 ||   162
       Tailslap          |    10 |     5 ||    15
Invok: Berserk           |     1 |     1 ||     2
  Use: Potion            |       |     1 ||     1
  Eat: Chunk             |     1 |     3 ||     4
Armor: Skin              |    30 |    82 ||   112
Dodge: Dodged            |    74 |    58 ||   132
